 Dungeon Crawl Stone Soup version 0.31.0-10-gcf4a605ca0 (webtiles) character file.

Game seed: 15552854361691796943

146436 Aldia the Summoner (level 17, -2/156 HPs)
             Began as a Naga Ice Elementalist on Jan 24, 2024.
             Was an Initiate of Gozag.
             Shot with an arrow by a naga sharpshooter (3 damage)
             ... on level 1 of the Snake Pit on Jan 25, 2024.
             The game lasted 01:38:52 (29290 turns).

Aldia the Summoner (Naga Ice Elementalist)         Turns: 29290, Time: 01:38:53

Health: -2/156     AC: 28    Str: 11    XL:     17   Next: 44%
Magic:  26/34      EV: 10    Int: 24    God:    Gozag
Gold:   6243       SH:  6    Dex: 11    Spells: 7/42 levels left

rFire   + . .        I - +1 spear (flame)
rCold   . . .        T - +2 buckler
rNeg    . . .        W - +2 robe {Will+}
rPois   +            j - +2 helmet
rElec   .            n - +2 cloak
rCorr   .            Q - +1 pair of gloves {Stlth+}
SInv    +            d - +4 barding
Will    +++..        x - amulet "Buipotu Haest" {rF+ Regen+}
Stlth   +++++        o - +4 ring of protection
HPRegen 1.26/turn    U - ring of wizardry
MPRegen 0.24/turn

%: wizardry (x1)
@: about to teleport, freezing walls, very slow
A: AC +5, large, see invisible, deformed body, poison resistance, slowness 2,
spit poison 1, naga tail 2
a: Spit Poison, Renounce Religion, Potion Petition, Call Merchant, Bribe Branch


You were on level 1 of the Snake Pit.
You worshipped Gozag.
Gozag was greatly pleased with you.
You visited 5 branches of the dungeon, and saw 24 of its levels.
You also visited: Gauntlet.

You collected 8867 gold pieces.
You spent 843 gold pieces at shops.
You paid 1781 gold pieces to Gozag.

Inventory:

Hand Weapons
 I - a +1 spear of flaming (weapon)
Missiles
 D - 4 throwing nets
Armour
 d - a +4 barding (worn)
 j - a +2 helmet (worn)
 k - a +2 robe of cold resistance
 n - a +2 cloak (worn)
 Q - a +1 pair of gloves of stealth (worn)
 T - a +2 buckler (worn)
 W - a +2 robe of willpower (worn)
Jewellery
 a - a +6 ring of strength
 o - a +4 ring of protection (left hand)
 x - the amulet "Buipotu Haest" (around neck) {rF+ Regen+}
   (You found it in a Gauntlet)

   [amulet of regeneration]

   rF+:       It protects you from fire.
   Regen+:    It increases your rate of health regeneration.
 P - the ring of the Thistle {rN+++ MP+9 Int-5 Dex+4 Slay-4}
   (You found it on level 2 of the Lair of Beasts)

   [ring of magical power]

   Int-5:     It affects your intelligence (-5).
   Dex+4:     It affects your dexterity (+4).
   Slay-4:    It affects your accuracy & damage with ranged weapons and melee
   (-4).
   rN+++:     It renders you almost immune to negative energy.
   MP+9:      It affects your magic capacity (+9).
 R - a +4 ring of protection
 U - a ring of wizardry (right hand)
 Z - a ring of positive energy
Talismans
 q - the death talisman of Limitation {rF+ rC- MP+9}
   (You found it on level 3 of the Dungeon)

   [talisman of death]

   rF+:       It protects you from fire.
   rC-:       It makes you vulnerable to cold.
   MP+9:      It affects your magic capacity (+9).
Wands
 u - a wand of roots (15)
 C - a wand of mindburst (10)
 G - a wand of polymorph (10)
 J - a wand of paralysis (21)
 N - a wand of digging (7)
 X - a wand of acid (4)
Scrolls
 e - a scroll of butterflies
 f - 6 scrolls of immolation
 h - a scroll of amnesia
 l - 3 scrolls of teleportation
 v - 6 scrolls of enchant weapon
 w - a scroll of poison
 y - 4 scrolls of vulnerability
 A - 2 scrolls of brand weapon
 B - a scroll of fog
 L - a scroll of torment
 M - a scroll of noise
Potions
 b - a potion of cancellation
 c - a potion of invisibility
 g - 4 potions of attraction
 i - 3 potions of mutation
 m - 6 potions of heal wounds
 p - 6 potions of curing
 r - 3 potions of resistance
 s - 6 potions of haste
 z - 5 potions of brilliance
 E - 2 potions of lignification
 F - 2 potions of ambrosia
 H - 2 potions of enlightenment
 O - 3 potions of might
 S - a potion of berserk rage
 Y - 2 potions of magic
Miscellaneous
 V - a phial of floods


   Skills:
 + Level 10.8 Fighting
 - Level 8.0 Dodging
 - Level 11.0 Stealth
 - Level 3.0 Shields
 + Level 13.1 Spellcasting
 - Level 9.1 Hexes
 * Level 14.1 Summonings
 - Level 4.0 Translocations
 + Level 6.8 Ice Magic
 - Level 4.2 Air Magic
 - Level 12.0 Alchemy


You had 7 spell levels left.
You knew the following spells:

 Your Spells              Type           Power      Damage    Failure   Level
a - Blink                 Tloc           70%        N/A       1%          2
b - Frozen Ramparts       Ice            96%        1d15      1%          3
c - Ozocubu's Armour      Ice            48%        N/A       1%          3
d - Sculpt Simulacrum     Ice/Alch       28%        N/A       7%          6
e - Summon Mana Viper     Hex/Summ       64%        N/A       1%          5
f - Yara's Violent Unrav  Hex/Alch       30%        3d13      1%          5
g - Summon Lightning Spi  Summ/Air       56%        N/A       1%          4
i - Monstrous Menagerie   Summ           35%        N/A       6%          7

Your spell library contained the following spells:

 Spells                   Type           Power      Damage    Failure   Level
 Freeze                   Ice            100%       1d10      1%          1
 Call Imp                 Summ           100%       N/A       1%          2
 Cigotuvi's Dreadful Rot  Necr/Alch/Air  82%        N/A       1%          2
 Jinxbite                 Hex            100%       N/A       1%          2
 Static Discharge         Conj/Air       52%        3-6/arc   1%          2
 Mephitic Cloud           Conj/Alch/Air  41%        N/A       1%          3
 Summon Ice Beast         Ice/Summ       60%        N/A       1%          3
 Swiftness                Air            36%        N/A       1%          3
 Animate Armour           Summ/Erth      98%        N/A       1%          4
 Cause Fear               Hex            28%        N/A       1%          4
 Fulminant Prism          Conj/Alch      22%        3d12      1%          4
 Ignite Poison            Fire/Alch      44%        N/A       1%          4
 Alistair's Intoxication  Alch           43%        N/A       1%          5
 Summon Forest            Summ/Tloc      28%        N/A       1%          5
 Magic Dart               Conj           60%        1d6       2%          1
 Metabolic Englaciation   Hex/Ice        26%        N/A       2%          5
 Eringya's Noxious Bog    Alch           32%        4d6       2%          6
 Searing Ray              Conj           30%        2d5       3%          2
 Airstrike                Air            18%        2d(3-19)  4%          4
 Manifold Assault         Tloc           35%        N/A       4%          4
 Summon Hydra             Summ           35%        N/A       6%          7
 Freezing Cloud           Conj/Ice/Air   16%        6-21      13%         5
 Enfeeble                 Hex            28%        N/A       38%         7
 Borgnjor's Vile Clutch   Necr/Erth      7%         N/A       50%         5
 Fireball                 Conj/Fire      7%         3d5       50%         5
 Lee's Rapid Deconstruct  Erth           7%         3d7*      50%         5
 Discord                  Hex            28%        N/A       96%         8
 Dragon's Call            Summ           35%        N/A       99%         9


Dungeon Overview and Level Annotations

Branches:
Dungeon (15/15)            Temple (1/1) D:6            Lair (5/5) D:10
 Shoals (0/4) Lair:3        Snake (1/4) Lair:3        Slime (0/5) Lair:4
    Orc (2/2) D:9             Elf (0/3) Orc:2        Vaults (0/5) D:14
 Depths (0/4) D:15        Gauntlet (visited)

Altars:
Ashenzari
Cheibriados
Dithmenos
Elyvilon
Fedhas
Gozag
Hepliaklqana
Kikubaaqudgha
Makhleb
Nemelex Xobeh
Okawaru
Qazlal
Ru
Sif Muna
Trog
Uskayaw
Vehumet
Wu Jian
Xom
Yredelemnul
Zin
The Shining One
Jiyva

Shops:
D:1 (   D:3 *   D:6 !   Orc:2 *[([   Lair:5 !

Annotations:
D:3 3 runed translucent doors, Grinder; Jingleheimer's ghost, amateur DEGl
D:5 Menkaure
D:8 3 runed translucent doors, OldManVictorn's ghost, novice GnDe
Lair:1 exclusion: hydra


Innate Abilities, Weirdness & Mutations

Your serpentine skin is tough. (AC +5)
You have supernaturally acute eyesight. (SInv)
Armour fits poorly on your strangely shaped body.
Your system is resistant to poisons. (rPois)
You cover ground very slowly.
You can spit poison.
You can use your snake-like lower body to constrict enemies.


Message History

The naga sharpshooter shoots a bolt.
The bolt hits you!! The shock serpent bites you! The shock serpent shocks you!
The wall freezes the naga sharpshooter!
The naga sharpshooter shoots an arrow.
The arrow hits you! The arrow burns you.
You hear a shout!
Unknown command.
Unknown command.
As you read the scroll of teleportation, it crumbles to dust.
You feel strangely unstable.
The salamander shoots an arrow.
The arrow hits you but does no damage. The shock serpent barely misses you.
The wall freezes the naga sharpshooter!
The naga sharpshooter mumbles some strange words.
The naga sharpshooter magically shoots a bolt.
The bolt hits you but does no damage.
The wall freezes the naga sharpshooter.
The naga sharpshooter mumbles some strange words.
The naga sharpshooter magically shoots an arrow.
The arrow barely misses you.
You hear a shout!
You hear an angry hiss. x2
Unknown command.
Unknown command.
Casting: Frozen Ramparts (safe; 1% risk of failure)
Confirm with . or Enter, or press ? or * to list all spells.
A mana viper appears with a sibilant hiss.
You hear a shout!
The shock serpent bites you. The shock serpent shocks you!
The wall freezes the naga sharpshooter.
The naga sharpshooter casts a spell.
The naga sharpshooter magically shoots a bolt.
The bolt hits you.
* * * LOW HITPOINT WARNING * * *
The shock serpent bites you!
* * * LOW HITPOINT WARNING * * *
The shock serpent shocks you!
* * * LOW HITPOINT WARNING * * *
The wall freezes the naga sharpshooter but does no damage.
The naga sharpshooter shoots an arrow.
The arrow hits you!
* * * LOW HITPOINT WARNING * * *
The arrow burns you.
You die...
Your body crumbles into a pile of gold.

..# ..# ##
..########### ...
............ ..# ##.#
......####. ..## #..
#..NN.....
...#####.######S@.#
..........$.....S.##..
...#####)###...........
.........# #...###.....
......#### ##### .###N.
..[...# #. # ..#.....#
.. ..#......... ...
....##...#..


You could see 2 naga sharpshooters, a salamander, a shock serpent (ally target)
and a friendly mana viper (summoned).

Vanquished Creatures
  Frances (D:12)
  3 orc warlords
  A minotaur (Gauntlet)
  Snorg (Orc:1)
  An entropy weaver (shapeshifter) (D:13)
  8 hydras
  2 ogre magi (D:15)
  3 catoblepae
  An anaconda (Snake:1)
  2 centaur warriors
  9 two-headed ogres
  A boulder beetle (D:14)
  A tengu warrior (D:15)
  2 occultists (Gauntlet)
  A shock serpent (Snake:1)
  An orc high priest (Orc:2)
  Lodul (D:13)
  2 orc knights
  A lindwurm (Lair:5)
  4 harpies (Lair:3)
  2 deep elf pyromancers
  A salamander (Snake:1)
  7 orc sorcerers
  A manticore (D:14)
  8 ugly things
  3 cyclopes
  4 elephants (Lair:2)
  2 nameless horrors
  3 meliai (D:15)
  An eye of devastation (Lair:4)
  4 black mambas
  2 kobold blastminers
  2 gargoyles
  A rime drake (Lair:1)
  A torpor snail (Lair:1)
  20 cane toads
  An unseen horror (D:12)
  3 kobold demonologists (D:12)
  6 komodo dragons
  3 hornets (Lair:5)
  7 polar bears
  5 trolls
  13 blink frogs
  A glass eye (Lair:4)
  6 dream sheep
  A shadow (D:9)
  Sigmund (D:2)
  8 spriggans (Lair:5)
  A vampire (D:9)
  5 basilisks
  51 yaks
  4 wargs
  4 vampire mosquitoes (D:14)
  3 acid dragons
  14 water moccasins
  39 orc warriors
  2 ice beasts (D:6)
  5 black bears
  2 laughing skulls
  A sky beast (D:7)
  27 wolves
  4 boggarts (Lair:5)
  9 ogres
  5 centaurs
  2 phantoms
  2 kobold brigands (D:9)
  A gnoll sergeant (D:9)
  6 bullfrogs
  A small abomination (Gauntlet)
  3 scorpions
  8 wights
  An electric eel (Lair:5)
  6 howler monkeys
  3 bombardier beetles
  A hound (D:6)
  21 orc priests
  2 jellies
  A gnoll bouda (D:2)
  4 iguanas
  20 orc wizards
  9 gnolls
  6 adders
  A shadow imp (D:6)
  4 ufetubi
  2 adder zombies (D:3)
  3 dart slugs
  A ribbon worm (D:2)
  102 orcs
  4 ball pythons
  6 bats
  8 endoplasms
  4 giant cockroaches
  11 goblins
  8 hobgoblins
  3 jackals (D:1)
  2 quokkas
  4 frilled lizards
  6 kobolds
  5 rats
610 creatures vanquished.

Vanquished Creatures (collateral kills)
  Jorgrun (D:13)
  Gastronok (Lair:1)
  A frost giant (D:15)
  Harold (D:10)
  4 centaur warriors
  A tengu warrior (D:15)
  5 two-headed ogres
  2 death yaks (Lair:1)
  A naga sharpshooter (Snake:1)
  A thrashing horror (Gauntlet)
  A spriggan (Lair:5)
  7 ugly things
  3 cyclopes
  4 elephants (Lair:5)
  A kobold blastminer (Orc:2)
  A black mamba (Snake:1)
  5 cane toads
  A rime drake (Lair:2)
  An efreet (D:13)
  A tengu conjurer (D:15)
  A hornet (Lair:5)
  4 polar bears (Lair:2)
  A nameless horror (D:15)
  5 blink frogs
  4 slime creatures (D:13)
  A small abomination (Gauntlet)
  5 yaks
  A wraith (D:11)
  A wyvern (Lair:2)
  A basilisk (D:14)
  A naga (Snake:1)
  2 acid dragons (D:12)
  2 orc warriors
  4 wolves
  4 ogres
  2 centaurs
  A bullfrog (Lair:2)
  2 necrophages (D:7)
  A gnoll sergeant (D:9)
  4 wights
  A howler monkey (D:13)
  A gnoll bouda (D:8)
  An iguana (D:6)
  2 orc wizards
  A killer bee zombie (D:7)
  2 gnolls (D:8)
  3 shadow imps (Gauntlet)
  6 orcs
107 creatures vanquished.

Vanquished Creatures (others)
  A shadow imp (Gauntlet)
1 creature vanquished.

Grand Total: 718 creatures vanquished

Notes
Turn   | Place    | Note
-------+----------+-------------------------------------------
     0 | D:1      | Aldia the Naga Ice Elementalist began the quest for the
                  | Orb.
     0 | D:1      | Reached XP level 1. HP: 15/15 MP: 3/3
    52 | D:1      | Reached XP level 2. HP: 7/24 MP: 0/5
   159 | D:1      | Found a faded altar of an unknown god.
   668 | D:1      | Reached XP level 3. HP: 30/30 MP: 2/6
   672 | D:1      | Learned a level 3 spell: Frozen Ramparts
   711 | D:1      | Found Otinej's Antique Weapon Emporium.
  1003 | D:2      | Reached skill level 1 in Fighting
  1034 | D:2      | Noticed Sigmund
  1357 | D:2      | Reached XP level 4. HP: 35/38 MP: 3/7
  1569 | D:2      | Learned a level 3 spell: Ozocubu's Armour
  2064 | D:3      | Noticed Grinder
  2137 | D:3      | Found a broken altar of Ashenzari.
  2263 | D:3      | Found Netuttugum's General Store.
  2267 | D:3      | Bought a scroll of identify for 20 gold pieces
  2267 | D:3      | Bought a potion of curing for 30 gold pieces
  2314 | D:3      | Found a runed translucent gate.
  2314 | D:3      | Found a runed translucent gate.
  2314 | D:3      | Found a runed translucent gate.
  2314 | D:3      | Noticed Jingleheimer's ghost (amateur DEGl)
  2316 | D:3      | Found a basalt altar of Yredelemnul.
  2354 | D:3      | Reached skill level 5 in Ice Magic
  2354 | D:3      | Reached XP level 5. HP: 45/45 MP: 8/8
  2484 | D:3      | Identified the death talisman of Limitation {rF+ rC- MP+9}
  2829 | D:4      | Noticed a phantom
  2872 | D:4      | Killed a phantom
  2944 | D:4      | Reached XP level 6. HP: 47/55 MP: 4/10
  2948 | D:4      | Learned a level 3 spell: Summon Ice Beast
  3021 | D:4      | Noticed an orc warrior
  3052 | D:4      | Killed an orc warrior
  3053 | D:4      | Reached skill level 5 in Stealth
  3168 | D:4      | Reached XP level 7. HP: 62/62 MP: 7/12
  3305 | D:2      | Killed Sigmund
  3306 | D:2      | Reached skill level 1 in Summonings
  3793 | D:4      | Reached skill level 2 in Summonings
  3974 | D:5      | Entered Level 5 of the Dungeon
  4245 | D:5      | Found an iron altar of Okawaru.
  4435 | D:5      | Reached XP level 8. HP: 63/72 MP: 8/14
  4474 | D:5      | Noticed Menkaure
  4591 | D:5      | Found an ornate altar of the Wu Jian Council.
  4705 | D:5      | Reached skill level 3 in Summonings
  4723 | D:6      | Found Bisemurgh's Distillery.
  4731 | D:6      | Bought a potion of degeneration for 12 gold pieces
  4732 | D:6      | Bought a potion of resistance for 120 gold pieces
  5110 | D:6      | Reached skill level 4 in Summonings
  5167 | D:6      | Found a staircase to the Ecumenical Temple.
  5176 | Temple   | Entered the Ecumenical Temple
  5183 | Temple   | Learned a level 5 spell: Summon Mana Viper
  5220 | Temple   | Became a worshipper of Gozag Ym Sagoz the Greedy
  5539 | D:6      | Found a sacrificial altar of Ru.
  5559 | D:6      | Reached skill level 1 in Hexes
  6601 | D:7      | Found a bloodstained altar of Trog.
  6662 | D:7      | Reached XP level 9. HP: 78/78 MP: 8/16
  6741 | D:7      | Found a blossoming altar of Fedhas.
  7006 | D:7      | Reached skill level 5 in Spellcasting
  7380 | D:7      | Reached skill level 5 in Summonings
  7982 | D:8      | Found a runed translucent gate.
  7983 | D:8      | Found a runed translucent gate.
  7984 | D:8      | Found a runed translucent gate.
  7985 | D:8      | Found an opulent altar of Gozag.
  7986 | D:8      | Noticed OldManVictorn's ghost (novice GnDe)
  7987 | D:8      | Noticed a purple ugly thing
  8161 | D:8      | Reached XP level 10. HP: 76/82 MP: 18/18
  8171 | D:8      | Learned a level 5 spell: Yara's Violent Unravelling
  8218 | D:7      | Reached skill level 6 in Summonings
  8370 | D:8      | Found a glowing silver altar of Zin.
  8411 | D:8      | Reached skill level 10 in Stealth
  9148 | D:9      | Found a hide-covered altar of Uskayaw.
  9159 | D:9      | Found a staircase to the Orcish Mines.
  9180 | D:9      | Reached skill level 5 in Hexes
  9185 | D:9      | Reached skill level 5 in Fighting
  9957 | D:10     | Entered Level 10 of the Dungeon
 10052 | D:10     | Noticed Harold
 10315 | D:10     | Found a staircase to the Lair.
 10320 | D:10     | Noticed a green ugly thing
 10331 | D:10     | Killed a green ugly thing
 10332 | D:10     | Reached skill level 7 in Summonings
 10488 | D:10     | Reached skill level 1 in Alchemy
 10624 | D:10     | Killed Harold
 10625 | D:10     | Reached XP level 11. HP: 20/97 MP: 3/21
 11702 | D:11     | Noticed a two-headed ogre
 11709 | D:11     | Killed a two-headed ogre
 11750 | D:11     | Noticed a two-headed ogre
 11781 | D:11     | Killed a two-headed ogre
 12768 | Lair:1   | Entered Level 1 of the Lair of Beasts
 13022 | Lair:1   | Found a gate leading to a gauntlet.
 13032 | Lair:1   | Reached skill level 5 in Dodging
 13036 | Lair:1   | Noticed a death yak
 13038 | Lair:1   | Reached skill level 8 in Summonings
 13038 | Lair:1   | Reached skill level 5 in Alchemy
 13040 | Lair:1   | Noticed a death yak
 13058 | Lair:1   | Killed a death yak
 13059 | Lair:1   | Reached XP level 12. HP: 48/105 MP: 13/24
 13063 | Lair:1   | Killed a death yak
 13094 | Gauntlet | Entered a Gauntlet
 13094 | Gauntlet | Noticed an occultist
 13094 | Gauntlet | Noticed an occultist
 13094 | Gauntlet | Noticed a soul eater
 13094 | Gauntlet | Found a large runed translucent door.
 13094 | Gauntlet | Found a large runed translucent door.
 13094 | Gauntlet | Found a large runed translucent door.
 13094 | Gauntlet | Found a large runed translucent door.
 13094 | Gauntlet | Found a large runed translucent door.
 13094 | Gauntlet | Found a large runed translucent door.
 13094 | Gauntlet | Found a large runed translucent door.
 13094 | Gauntlet | Found a large runed translucent door.
 13094 | Gauntlet | Found a runed translucent door.
 13094 | Gauntlet | Found a runed translucent gate.
 13094 | Gauntlet | Found a transporter.
 13094 | Gauntlet | Found a transporter.
 13094 | Gauntlet | Found a runed translucent gate.
 13094 | Gauntlet | Found a transporter.
 13244 | Gauntlet | Found a transporter.
 13246 | Gauntlet | Found a transporter.
 13249 | Gauntlet | Noticed a thrashing horror
 13254 | Gauntlet | Found a transporter.
 13313 | Gauntlet | Found a runed translucent door.
 13314 | Gauntlet | Found a large runed translucent door.
 13314 | Gauntlet | Found a large runed translucent door.
 13314 | Gauntlet | Found a large runed translucent door.
 13314 | Gauntlet | Found a large runed translucent door.
 13315 | Gauntlet | Found a large runed translucent door.
 13315 | Gauntlet | Found a large runed translucent door.
 13316 | Gauntlet | Found a large runed translucent door.
 13316 | Gauntlet | Found a large runed translucent door.
 13320 | Gauntlet | Found a transporter.
 13330 | Gauntlet | Found a transporter.
 13345 | Gauntlet | Found a transporter.
 13355 | Gauntlet | Found a transporter.
 13370 | Gauntlet | Found a transporter.
 13376 | Gauntlet | Found a transporter.
 13399 | Gauntlet | Found a runed translucent gate.
 13667 | Gauntlet | Killed an occultist
 13671 | Gauntlet | Killed an occultist
 13692 | Gauntlet | Identified the +2 cloak "Qiman" {Str+3 Slay-5 SInv}
 13871 | Gauntlet | Identified the amulet "Buipotu Haest" {rF+ Regen+}
 13885 | Gauntlet | Killed a thrashing horror
 13985 | Gauntlet | Noticed a minotaur
 13999 | Gauntlet | Killed a minotaur
 14008 | Gauntlet | Got the Atlas of Conduction
 14173 | Lair:1   | Learned a level 5 spell: Alistair's Intoxication
 14201 | Lair:1   | Noticed an eight-headed hydra
 14343 | Lair:1   | You fall into a shaft and drop 1 floor!
 14555 | Lair:1   | Noticed Gastronok
 14714 | Lair:1   | Identified the +3 chain mail of Defence {Int+3}
 15011 | Lair:1   | Killed Gastronok
 15628 | Lair:2   | Identified the +5 chain mail "Keaneg" {rElec}
 15642 | Lair:2   | Gained mutation: You can use your snake-like lower body to
                  | constrict enemies. [Naga growth]
 15642 | Lair:2   | Reached XP level 13. HP: 103/117 MP: 12/26
 15873 | Lair:2   | Got the Writings on the Translocational Fairies
 16001 | Lair:2   | Identified the ring of the Thistle {rN+++ MP+9 Int-5 Dex+4
                  | Slay-4}
 16103 | Lair:2   | Reached skill level 10 in Alchemy
 16446 | Lair:2   | Learned a level 6 spell: Eringya's Noxious Bog
 17461 | Lair:3   | Reached skill level 10 in Spellcasting
 17712 | Lair:3   | Learned a level 4 spell: Summon Lightning Spire
 17760 | Lair:3   | Reached skill level 1 in Air Magic
 17768 | Lair:3   | Found a staircase to the Shoals.
 18130 | Lair:3   | Found a bloodstained altar of Trog.
 18259 | Lair:3   | Found a staircase to the Snake Pit.
 18776 | Lair:4   | Reached XP level 14. HP: 128/129 MP: 17/28
 18890 | Lair:4   | Found a staircase to the Slime Pits.
 18894 | Lair:4   | Found a viscous altar of Jiyva.
 19144 | Lair:4   | Found a shimmering blue altar of Sif Muna.
 19491 | Lair:5   | Entered Level 5 of the Lair of Beasts
 20169 | Lair:5   | Identified a scroll of acquirement
 20170 | Lair:5   | Acquired 965 gold pieces
 20186 | Lair:5   | Bought 3 potions of brilliance for 144 gold pieces
 20186 | Lair:5   | Bought a potion of cancellation for 96 gold pieces
 20186 | Lair:5   | Bought a potion of haste for 120 gold pieces
 20818 | Lair:5   | Reached skill level 1 in Shields
 21384 | Orc:1    | Entered Level 1 of the Orcish Mines
 21437 | Orc:1    | Noticed an orc warlord
 21440 | Orc:1    | Noticed Snorg
 21463 | Orc:1    | Killed Snorg
 21467 | Orc:1    | Reached skill level 9 in Summonings
 21473 | Orc:1    | Killed an orc warlord
 21714 | Orc:2    | Entered Level 2 of the Orcish Mines
 21768 | Orc:2    | Noticed an orc warlord
 21776 | Orc:2    | Killed an orc warlord
 22009 | Orc:2    | Reached XP level 15. HP: 120/136 MP: 20/30
 22041 | Orc:2    | Learned a level 7 spell: Monstrous Menagerie
 22063 | Orc:2    | Found a staircase to the Elven Halls.
 22675 | Orc:2    | Found Boiv Itz's Armour Shoppe.
 22689 | Orc:2    | Bought a +1 pair of gloves of stealth for 247 gold pieces
 22909 | Orc:2    | Reached skill level 10 in Summonings
 23055 | Orc:2    | Noticed an orc warlord
 23114 | Orc:2    | Killed an orc warlord
 23218 | Orc:2    | Found Umpaicov's Antique Weapon Shop.
 23220 | Orc:2    | Found Waveobot's Antique Armour Boutique.
 23293 | Orc:2    | Found Dauvo's Assorted Antiques.
 23358 | Orc:2    | Bought a scroll of teleportation for 54 gold pieces
 23644 | Orc:1    | Found Ajifat's Assorted Antiques.
 23834 | D:12     | Noticed Frances
 23858 | D:12     | Killed Frances
 24113 | D:11     | Learned a level 2 spell: Blink
 24513 | D:12     | Reached skill level 11 in Summonings
 24774 | D:13     | Reached skill level 1 in Translocations
 24816 | D:13     | Noticed Lodul
 24822 | D:13     | Killed Lodul
 25227 | D:13     | Noticed Jorgrun
 25308 | D:12     | Upgraded the game from 0.31.0-9-g3a7656b989 to
                  | 0.31.0-10-gcf4a605ca0
 25326 | D:13     | Identified the +4 hand axe "Danus" {flame, rF+ Str+4}
 25451 | D:13     | Killed Jorgrun
 26240 | D:14     | Found a gate to the Vaults.
 26389 | D:14     | Found a shadowy altar of Dithmenos.
 26598 | D:14     | Reached skill level 10 in Fighting
 27003 | D:14     | Reached skill level 12 in Summonings
 27168 | D:15     | Entered Level 15 of the Dungeon
 27366 | D:15     | Reached XP level 16. HP: 131/146 MP: 15/32
 27685 | D:14     | Learned a level 6 spell: Sculpt Simulacrum
 27987 | D:15     | Found a snail-covered altar of Cheibriados.
 28258 | D:15     | Identified the +1 sling "Yhih" {freeze, rC+ SInv}
 28351 | D:15     | Found a staircase to the Depths.
 28675 | D:15     | Reached skill level 13 in Summonings
 28964 | Snake:1  | Entered Level 1 of the Snake Pit
 29187 | Snake:1  | Reached skill level 14 in Summonings
 29187 | Snake:1  | Reached XP level 17. HP: 50/156 MP: 17/34
 29290 | Snake:1  | HP: 1/156 [naga sharpshooter/arrow (16)]
 29290 | Snake:1  | Shot with an arrow by a naga sharpshooter

Illustrated notes

Levels and vault maps discovered:
D:1:      dpeg_arrival_stonehenge_8_columns, layout_loops_ring, serial_shops,
          nicolae_shop_advertising_works [nicolae_subvault_shop_adworks],
          ebering_ecumenical_altar_sacrificial
D:2:      layout_loops_ring, minmay_heptomino_h4, uniq_sigmund
D:3:      layout_rooms, evilmike_ruin_ashenzari,
          nicolae_yredelemnul_ghost_church, serial_shops, shop, uniq_grinder
D:4:      layout_rooms, hangedman_decor_peaks_small, grunt_ministairs_12,
          roderic_roman_lattice
D:5:      layout_loops_ring, nicolae_wu_jian_immortal_techniques,
          amcnicky_altar_gilded, uniq_menkaure
D:6:      layout_basic, mainiacjoe_overflow_six_doors_small,
          minmay_temple_entry_water_ring, serial_shops, shop,
          chequers_serial_rivers_marsh
D:7:      layout_basic, mainiacjoe_overflow_small_starburst,
          fedhas_altar_decomposition
D:8:      layout_rooms, mainiacjoe_overflow_catwalk, ebering_ghost_gozag,
          minmay_diced_spiral
D:9:      layout_loops_ring, nicolae_uskayaw_dance_hall,
          kennysheep_orc_monster_closet_entryway
D:10:     layout_rooms, erik_lair_orcish_takeover, uniq_harold
D:11:     layout_basic, kennysheep_generic_room_5
D:12:     layout_cave_pools, minivault_25_ag, uniq_frances
D:13:     layout_gridville, uniq_lodul, uniq_jorgrun
D:14:     layout_irregular_city, david_vaults_4, nicolae_dithmenos_shadow_blocks
D:15:     grunt_enter_depths_snipers, layout_loops_ring, nicolae_tricolors,
          cheibriados_altar_1
Temple:   nicolae_temple_ecumenical_triangle
Lair:1:   layout_small_grid, gauntlet_entry_generic, uniq_gastronok
Lair:2:   layout_roguey, st_stairs_7, serial_bayou_pond_e,
          cheibrodos_lair_lostbears, serial_bayou_shore_b, grunt_megastairs_2
Lair:3:   layout_cave_pods, nicolae_shoals_entry_roost, dummy_snake_entry,
          basic_altar, beast_lair_carwin_7
Lair:4:   layout_big_grid, minmay_slime_entry_eyes, basic_altar, serial_forest,
          infiniplex_forest_clump_double, infiniplex_forest_diagonal,
          infiniplex_forest_lined_room_2, infiniplex_forest_lined_2,
          infiniplex_forest_lined_3, nicolae_lair_grazing_beasts
          [nicolae_sub_lair_graze_edge, nicolae_sub_lair_graze_edge,
          nicolae_sub_lair_graze_edge, nicolae_sub_lair_graze_edge],
          lemuel_fruit_fields
Lair:5:   minmay_lair_end_enchanted_forest, layout_regular_city,
          infiniplex_staircase_pool
Snake:1:  layout_misc_corridors, serial_bayou_shore_a
Orc:1:    layout_caves, serial_shops, shop, uniq_snorg
Orc:2:    grunt_orc_community_town_hall, layout_caves,
          grunt_orc_community_big_house_2, grunt_orc_community_big_house_1,
          grunt_orc_community_house_3, grunt_orc_community_house_3,
          grunt_orc_community_house_2, grunt_orc_community_house_1,
          grunt_orc_community_house_1, grunt_orc_community_house_3

Skill      XL: |  1  2  3  4  5  6  7  8  9 10 11 12 13 14 15 16 |
---------------+-------------------------------------------------+-----
Fighting       | 1 2 3 4 5 6 7 9 10 | 10.8
Dodging        | 2 4 5 6 8 |  8.0
Ice Magic      | 5 6 |  6.8
Stealth        | 4 5 6 7 9 10 11 | 11.0
Spellcasting   | 3 4 5 7 8 9 10 11 12 13 | 13.1
Summonings     | 2 4 5 7 8 9 12 14 | 14.1
Hexes          | 1 4 6 8 9 |  9.1
Alchemy        | 2 5 9 12 | 12.0
Air Magic      | 2 4 |  4.2
Shields        | 2 3 |  3.0
Translocations | 3 4 |  4.0

Action                     |  1- 3 |  4- 6 |  7- 9 | 10-12 | 13-15 | 16-18 || total
---------------------------+-------+-------+-------+-------+-------+-------++-------
  Melee: Unarmed           |     8 |       |       |       |       |       ||     8
         Dagger            |    26 |    93 |   119 |    78 |       |       ||   316
         Spear             |       |       |       |   166 |  1001 |   165 ||  1332
         Punch             |       |       |       |     3 |     8 |       ||    11
         Constrict         |       |       |       |       |   170 |    26 ||   196
   Fire: Shortbow          |       |       |       |    27 |       |       ||    27
   Cast: Freeze            |    41 |    33 |   112 |   176 |   102 |       ||   464
         Frozen Ramparts   |       |     4 |    16 |    40 |    37 |    12 ||   109
         Ozocubu's Armour  |       |     1 |    16 |    27 |    20 |     3 ||    67
         Summon Ice Beast  |       |       |    10 |    26 |    21 |       ||    57
         Summon Mana Viper |       |       |       |    19 |    33 |     8 ||    60
         Alistair's Intoxi |       |       |       |     2 |       |       ||     2
         Eringya's Noxious |       |       |       |       |    39 |       ||    39
         Summon Lightning  |       |       |       |       |    12 |     2 ||    14
         Yara's Violent Un |       |       |       |       |    10 |     1 ||    11
         Monstrous Menager |       |       |       |       |    11 |    14 ||    25
         Sculpt Simulacrum |       |       |       |       |       |     2 ||     2
 Invoke: Potion Petition   |       |       |       |       |     2 |       ||     2
         Call Merchant     |       |       |       |       |     1 |       ||     1
Ability: Spit Poison       |       |       |       |       |     1 |       ||     1
  Evoke: Wand              |       |       |     4 |       |     1 |     2 ||     7
         Phial of floods   |       |       |       |       |     1 |       ||     1
    Use: Scroll            |     1 |     7 |     6 |    15 |    14 |     5 ||    48
         Potion            |       |       |     2 |     4 |     2 |     1 ||     9
   Stab: Sleeping          |     3 |     6 |     5 |     4 |    20 |     1 ||    39
         Distracted        |       |       |       |     1 |     8 |     4 ||    13
         Confused          |       |       |       |     1 |       |       ||     1
         Invisible         |       |       |       |       |     3 |       ||     3
 Armour: Robe              |    57 |    87 |   287 |   564 |  1495 |   229 ||  2719
  Dodge: Dodged            |    28 |    41 |   118 |   236 |   632 |    98 ||  1153
  Block: Buckler           |       |       |       |       |   237 |    69 ||   306
